 Dungeon Crawl Stone Soup version 0.30-a0-859-gf88a04b62d (webtiles) character file.

Game seed: 273968626481093678

764 NotreDorf the Poker (level 7, -7/57 HPs)
             Began as a Merfolk Berserker on Mar 6, 2023.
             Was an Elder of Trog.
             Mangled by a wraith (11 damage)
             ... in an ossuary.
             The game lasted 00:14:26 (2723 turns).

NotreDorf the Poker (Merfolk Berserker)             Turns: 2723, Time: 00:14:26

Health: -7/57      AC:  7    Str: 20    XL:     7   Next: 81%
Magic:  7/7        EV: 14    Int:  6    God:    Trog [****..]
Gold:   241        SH:  0    Dex: 13    Spells: 6/6 levels left

rFire   . . .      SeeInvis .    a - +0 spear
rCold   . . .      Faith    .    (no shield)
rNeg    + . .      Spirit   .    c - +0 leather armour
rPois   .          Reflect  .    (no helmet)
rElec   .          Rampage  .    (no cloak)
rCorr   .                        (no gloves)
Will    .....                    (no boots)
Stlth   ++                       b - amulet of regeneration
HPRegen 1.09/turn                g - +4 ring of protection
MPRegen 0.10/turn                s - ring of positive energy

@: slowed, very slow
A: (nimble swimmer 2), mertail
a: Renounce Religion, Berserk, Trog's Hand, Brothers in Arms


You were in an ossuary.
You worshipped Trog.
Trog was greatly pleased with you.
You visited 1 branch of the dungeon, and saw 4 of its levels.
You also visited: Ossuary.

You collected 241 gold pieces.

Inventory:

Hand Weapons
 a - a +0 spear (weapon)
Armour
 c - a +0 leather armour (worn)
Jewellery
 b - an amulet of regeneration (around neck)
 g - a +4 ring of protection (left hand)
 p - a ring of flight
 s - a ring of positive energy (right hand)
Scrolls
 e - 3 scrolls of brand weapon {unknown}
 f - 3 scrolls of enchant armour {unknown}
 k - a scroll of poison {unknown}
 l - a scroll of vulnerability {unknown}
 n - 3 scrolls of teleportation {unknown}
 q - 2 scrolls of noise {unknown}
 r - 3 scrolls of identify {unknown}
 u - a scroll of immolation {unknown}
 w - 2 scrolls of blinking {unknown}
 x - a scroll of fog {unknown}
 y - a scroll of summoning {unknown}
 A - a scroll of silence {unknown}
Potions
 d - 2 potions of attraction {unknown}
 h - 2 potions of mutation {unknown}
 i - 2 potions of degeneration {unknown}
 j - 3 potions of flight {unknown}
 m - 5 potions of brilliance {unknown}
 o - 3 potions of heal wounds {unknown}
 t - 4 potions of curing {unknown}
 z - a potion of berserk rage {unknown}
 B - a potion of cancellation {unknown}
 C - a potion of ambrosia {unknown}


   Skills:
 + Level 5.6 Fighting
 + Level 6.8 Polearms
 - Level 1.3 Armour
 + Level 6.1 Dodging
 + Level 4.6 Stealth


You had 6 spell levels left.
You didn't know any spells.
Your spell library was empty.

Dungeon Overview and Level Annotations

Branches:
Dungeon (4/15)            Ossuary (1/1)
 Temple: D:4-7

Altars:
Ashenzari
Trog

Shops:
D:1 ?


Innate Abilities, Weirdness & Mutations

((You are very nimble when in or above water. (Stealth+, EV+, Speed+++)))
Your lower body shifts to a powerful aquatic tail in water.


Message History

The wraith closely misses you.
Aiming: Quicksilver Bolt
Press: ? - help, Shift-Dir - straight line, f - wraith
Aim: a wraith (heavily damaged, 71% to hit)
The bolt of dispelling energy misses the wraith.
The wraith closely misses you. The wraith hits you.
The wraith drains your vigour!
You feel as though you will be slow longer.
Aiming: Quicksilver Bolt
Press: ? - help, Shift-Dir - straight line, f/p - wraith
Aim: a wraith (heavily damaged, 71% to hit)
The bolt of dispelling energy hits the wraith!
The wraith is severely damaged.
The now-empty wand crumbles to dust.
The wraith hits you.
You hit the wraith but do no damage.
The wraith is severely damaged.
The wraith hits you but does no damage. The wraith closely misses you.
You hit the wraith but do no damage.
The wraith is severely damaged.
The wraith hits you!
* * * LOW HITPOINT WARNING * * *
The wraith drains your vigour!
You feel as though you will be slow longer.
You hit the wraith.
The wraith is almost destroyed.
The wraith hits you but does no damage.
You closely miss the wraith.
The wraith is almost destroyed.
The wraith hits you!
* * * LOW HITPOINT WARNING * * *
You hit the wraith.
The wraith is almost destroyed.
The wraith hits you.
* * * LOW HITPOINT WARNING * * *
The wraith drains your vigour!
You feel as though you will be slow longer.
You hit the wraith but do no damage. You punch the wraith, but do no damage.
The wraith is almost destroyed.
The wraith hits you!
You die...

######### #######
.................
.... .... .... .
###..###..###..###
#W#..#.#..#.#..#.# #
#@#..#'#..#'#..#'#
#..#.#..#.#..#.#..#.#
#....................
#....................
#..####......###.....
#.. +...8...# #...8.
#.. ##......# #.....
#. .........#.#.....
#. .................


You could see a wraith.

Vanquished Creatures
  Menkaure (D:4)
  A phantom (D:4)
  An elf zombie (D:4)
  An elf skeleton (D:4)
  A scorpion (D:4)
  An orc priest (D:4)
  A human zombie (D:4)
  A human skeleton (D:4)
  Natasha (thrice) (D:4)
  2 orc wizards (D:4)
  6 adders
  3 worms
  A dart slug (D:1)
  9 orcs
  6 endoplasms
  9 giant cockroaches
  12 goblins
  9 hobgoblins
  3 quokkas
  7 ball pythons
  5 bats
  4 frilled lizards
  6 goblin zombies (Ossuary)
  3 hobgoblin zombies (Ossuary)
  11 kobolds
  3 kobold zombies (Ossuary)
  10 rats
120 creatures vanquished.

Vanquished Creatures (others)
  A plant (D:4)
1 creature vanquished.

Grand Total: 121 creatures vanquished

Notes
Turn   | Place    | Note
-------+----------+-------------------------------------------
     0 | D:1      | NotreDorf the Merfolk Berserker began the quest for the
                  | Orb.
     0 | D:1      | Reached XP level 1. HP: 18/18 MP: 1/1
   105 | D:1      | Reached XP level 2. HP: 24/24 MP: 2/2
   147 | D:1      | Found Ibous's Magic Scroll Shoppe.
   162 | D:1      | Reached skill level 1 in Stealth
   197 | D:1      | Found a faded altar of an unknown god.
   289 | D:1      | Reached XP level 3. HP: 22/29 MP: 3/3
   316 | D:1      | Reached ** piety under Trog
   817 | D:2      | Reached XP level 4. HP: 37/37 MP: 4/4
  1135 | D:3      | Reached skill level 5 in Polearms
  1225 | D:3      | Reached XP level 5. HP: 42/42 MP: 5/5
  1236 | D:3      | Found a broken altar of Ashenzari.
  1325 | D:3      | Noticed a moth of wrath
  1328 | D:3      | Found a bloodstained altar of Trog.
  1350 | D:3      | Reached *** piety under Trog
  1798 | D:4      | Noticed Natasha
  1823 | D:4      | Killed Natasha
  1844 | D:4      | Noticed Natasha
  1865 | D:4      | Killed Natasha
  1936 | D:4      | Reached XP level 6. HP: 46/49 MP: 6/6
  2000 | D:4      | Reached skill level 5 in Dodging
  2069 | D:4      | Reached skill level 5 in Fighting
  2099 | D:4      | Noticed Menkaure
  2117 | D:4      | Killed Menkaure
  2118 | D:4      | Reached XP level 7. HP: 23/56 MP: 7/7
  2201 | D:4      | Noticed Natasha
  2233 | D:4      | Killed Natasha
  2233 | D:4      | Reached **** piety under Trog
  2426 | D:4      | Found a sand-covered staircase.
  2483 | Ossuary  | Entered an ossuary
  2483 | Ossuary  | Noticed a wraith
  2483 | Ossuary  | Noticed a wraith
  2483 | Ossuary  | Noticed a wraith
  2700 | Ossuary  | Noticed a wraith
  2722 | Ossuary  | HP: 2/57 [wraith (5)]
  2723 | Ossuary  | Mangled by a wraith

Illustrated notes

Levels and vault maps discovered:
D:1:      noname_arrival_rooms_in_the_neighbourhood, layout_basic,
          shapermc_ecumenical_altar_flowoftime, serial_shops, shop
D:2:      layout_loops_cross
D:3:      minmay_diamond_boxcup, layout_rooms, ashenzari_conservatory_becter,
          tgw_trog
D:4:      layout_cave_pools, nicolae_ossuary_entry_catacombs, serial_forest,
          infiniplex_forest_clump_long, infiniplex_forest_lined_room_2,
          infiniplex_forest_zigzag_1, infiniplex_forest_lined_room_3,
          infiniplex_forest_clump_double, infiniplex_forest_zigzag_1,
          infiniplex_forest_lined_room_2, infiniplex_forest_join,
          infiniplex_forest_clump_curved, minivault_24, uniq_natasha,
          uniq_menkaure
Ossuary:  ossuary_kennysheep_city_of_the_dead

Skill      XL: |  1  2  3  4  5  6  7 |
---------------+----------------------+-----
Dodging        | 3 4 5 6 |  6.1
Stealth        | 1 2 3 4 |  4.6
Fighting       | 4 5 |  5.6
Polearms       | 5 6 |  6.8
Armour         | |  1.3

Action                     |  1- 3 |  4- 6 |  7- 9 || total
---------------------------+-------+-------+-------++-------
  Melee: Spear             |   118 |   317 |   199 ||   634
         Punch             |       |     5 |     4 ||     9
  Evoke: Wand              |       |     1 |     2 ||     3
   Stab: Sleeping          |     7 |    10 |     5 ||    22
 Armour: Leather armour    |    27 |    73 |    35 ||   135
         Animal skin       |     1 |       |       ||     1
  Dodge: Dodged            |    38 |   148 |    62 ||   248

Table legend: (Time is in decaauts)
 A = Elapsed time spent in this place.
 B = Non-inter-level travel time spent in this place.
 C = Inter-level travel time spent in this place.
 D = Time resting spent in this place.
 E = Time spent auto-exploring this place.
 F = Levels seen in this place.
 G = Mean time per level.
                   A        B        C        D        E       F      G
               +--------+--------+--------+--------+--------+-----+--------+
         Total |   2631 |   2582 |     49 |     18 |   1452 |   5 |  526.2 |
       Dungeon |   2399 |   2350 |     49 |     18 |   1452 |   4 |  599.8 |
       Ossuary |    232 |    232 |      0 |      0 |      0 |   1 |  232.0 |
               +--------+--------+--------+--------+--------+-----+--------+

Top non-repeatable levels by time:
     D:3: 676 daAuts
     D:4: 644 daAuts
     D:2: 583 daAuts
     D:1: 495 daAuts
 Ossuary: 232 daAuts
